 Dungeon Crawl Stone Soup version bcrawl-1.27.5 (webtiles) character file.

Game seed: 13574776329692065581

118999 Freyura the Twirler (level 4, 0/33 HPs)
             Began as a Demonspawn Gladiator on Aug 18, 2020.
             Slain by a hobgoblin
             ... wielding a +0 club
              (2 damage)
             ... on level 3 of the Dungeon.
             The game lasted 00:04:10 (1903 turns).

Freyura the Twirler (Demonspawn Gladiator)          Turns: 1903, Time: 00:04:10

Health: 0/33       AC:  5    Str: 14    XL:     4   Next: 9%
Magic:  4/4        EV: 13    Int:  9    God:
Gold:   229        SH:  0    Dex: 16    Spells: 3/3 levels left

rFire    + . .     SeeInvis .   a - +0 quarterstaff
rCold    . . .     Gourm    .   (shield currently unavailable)
rNeg     . . .     Faith    .   b - +0 leather armour
rPois    .         Spirit   .   (helmet restricted)
rElec    .         Reflect  .   (no cloak)
rCorr    .         Harm     .   (no gloves)
MR       .....                  (no boots)
Stlth    ++........             (no amulet)
HPRegen  0.11/turn              k - ring of protection from cold
MPRegen  0.09/turn              o - ring of fire

@: no status effects
A: antennae 1, yellow scales 1, nightstalker 1
a: no special abilities


You were on level 3 of the Dungeon.
You were not hungry.

You visited 1 branch of the dungeon, and saw 3 of its levels.

You collected 229 gold pieces.

Inventory:

Hand Weapons
 a - a +0 quarterstaff (weapon)
Missiles
 d - 3 throwing nets {=f}
Armour
 b - a +0 leather armour (worn)
 c - a +0 helmet
 v - a +0 pair of gloves
Jewellery
 k - a ring of protection from cold (left hand)
 o - a ring of fire (right hand)
Scrolls
 f - a scroll of teleportation {unknown}
 h - 2 scrolls of remove curse {unknown}
 j - 4 scrolls of amnesia {unknown}
 t - a scroll of magic mapping {unknown}
 u - a scroll of enchant armour {unknown}
 x - a scroll of enchant weapon {unknown}
Potions
 g - a potion of degeneration {unknown}
 i - a potion of lignification {unknown}
 l - 2 potions of curing {unknown}
 m - a potion of resistance {unknown}
 n - a potion of might {unknown}
 p - a potion of brilliance {unknown}
 q - a potion of ambrosia {unknown}
 r - a potion of haste {unknown}
 s - 2 potions of heal wounds {unknown}
Comestibles
 e - 10 rations {!d}


   Skills:
 + Level 2.2 Fighting
 * Level 4.0 Staves
 - Level 1.7 Throwing
 + Level 0.1 Armour
 + Level 3.1 Dodging
 + Level 0.2 Stealth


You had 3 spell levels left.
You didn't know any spells.
Your spell library was empty.

Dungeon Overview and Level Annotations

Branches:
Dungeon (3/12)

Altars:


Innate Abilities, Weirdness & Mutations

You have a pair of small antennae on your head.
You are partially covered in yellow scales. (AC +2)
You are slightly more attuned to the shadows.


Message History

The hobgoblin closely misses you. The rat bites you.
* * * LOW HITPOINT WARNING * * *
The hobgoblin hits you but does no damage.
The rat bites you but does no damage. The hobgoblin misses you.
The rat bites you.
* * * LOW HITPOINT WARNING * * *
The rat closely misses you. The hobgoblin closely misses you.
The rat bites you but does no damage. The hobgoblin barely misses you.
A frilled lizard comes into view.
The rat misses you.
The hobgoblin hits you but does no damage.
The rat closely misses you.
The hobgoblin hits you but does no damage.
The rat barely misses you. The hobgoblin hits you with a +0 club.
* * * LOW HITPOINT WARNING * * *
The rat misses you. The hobgoblin closely misses you.
The rat barely misses you. The hobgoblin completely misses you.
The rat barely misses you. The hobgoblin hits you with a +0 club.
You die...

#.###### #.#....#
#......# #####
###....... ....##
######%.......#
###..###.......gr.....#
####........ #@.##
........### #...#
######<.##### #.#.# #
#......####.#.# #
#.............# #
##...###..........#
###...#####..#####.....
##..## ##...###.......
#..######>.......#.##.#


You could see a hobgoblin and a rat.

Vanquished Creatures
  An adder (D:3)
  An ooze (D:3)
  A worm (D:2)
  3 dart slugs
  A leopard gecko (D:2)
  4 bats
  3 giant cockroaches (D:2)
  6 goblins
  9 hobgoblins
  A jackal (D:1)
  A ball python (D:1)
  5 frilled lizards
  6 kobolds
  8 rats
50 creatures vanquished.

Notes
Turn   | Place    | Note
-------+----------+-------------------------------------------
     0 | D:1      | Freyura the Demonspawn Gladiator began the quest for the
                  | Orb.
     0 | D:1      | Reached XP level 1. HP: 16/16 MP: 1/1
   108 | D:1      | Reached skill level 3 in Staves
   113 | D:1      | Gained mutation: You are partially covered in yellow
                  | scales. (AC +2) [demonic ancestry]
   113 | D:1      | Reached XP level 2. HP: 14/22 MP: 2/2
   660 | D:1      | Gained mutation: You are slightly more attuned to the
                  | shadows. [demonic ancestry]
   660 | D:1      | Reached XP level 3. HP: 27/27 MP: 3/3
  1789 | D:3      | Reached skill level 4 in Staves
  1811 | D:3      | Gained mutation: You have a pair of small antennae on your
                  | head. [demonic ancestry]
  1811 | D:3      | Reached XP level 4. HP: 33/33 MP: 4/4
  1894 | D:3      | HP: 1/33 [rat (1)]
  1899 | D:3      | HP: 1/33 [hobgoblin/+0 club (1)]
  1903 | D:3      | Slain by a hobgoblin

Skill      XL: |  1  2  3 |
---------------+----------+-----
Staves         | 3 4 |  4.0
Dodging        | 3 |  3.1
Fighting       | |  2.2
Throwing       | |  1.7
Armour         | |  0.1
Stealth        | |  0.2

Action                   |  1- 3 |  4- 6 || total
-------------------------+-------+-------++-------
Melee: Quarterstaff      |   172 |       ||   172
 Stab: Sleeping          |     4 |       ||     4
       Distracted        |     1 |       ||     1
  Eat: Chunk             |     8 |       ||     8
Armor: Leather armour    |    75 |    20 ||    95
Dodge: Dodged            |   117 |    61 ||   178
